 Dungeon Crawl Stone Soup version 0.31.0-12-g77e489cdc1 (webtiles) character file.

Game seed: 13737013741001170877

1615182 Sevala the Axe Maniac (level 27, 245/245 HPs)
             Began as a Minotaur Berserker on Feb 10, 2024.
             Was an Elder of Trog.
             Escaped with the Orb
             ... and 3 runes on Mar 3, 2024!
             The game lasted 07:01:13 (78116 turns).

Sevala the Axe Maniac (Minotaur Berserker)         Turns: 78116, Time: 07:01:13

Health: 245/245    AC: 45    Str: 38    XL:     27
Magic:  7/22       EV: 18    Int:  8    God:    Trog [****..]
Gold:   1465       SH:  5    Dex: 15    Spells: 26/26 levels left

rFire   + + +        a - +9 executioner's axe (flame)
rCold   + + .        (shield currently unavailable)
rNeg    + . .        E - +10 plate armour {rF+}
rPois   .            (helmet restricted)
rElec   .            n - +2 cloak {Will+}
rCorr   +            o - +3 Mad Mage's Maulers {Infuse+∞ VampMP -Cast}
SInv    .            M - +2 pair of boots {rampage}
Will    ++++.        R - amulet of Dafengi {Reflect ^Fragile rF+ Str+3 Dex+4 SH+5} Stlth
                     f - ring of Hefreq {rF+ rC+ Will+ rCorr Stlth+}
HPRegen 0.60/turn    H - ring of Powukk {^Contam rC+ rN+ Str+2}
MPRegen 0.18/turn

%: no spellcasting, reflection, rampage, infuse magic (7 MP)
@: studying 3 skills
A: horns 2, retaliatory headbutt, talons 1, clever 1, frail 1, teleportitis 1,
wild magic 1
0: Orb of Zot
}: 3/15 runes: decaying, silver, gossamer
a: Renounce Religion, Berserk, Trog's Hand, Brothers in Arms


You escaped.
You worshipped Trog.
Trog was greatly pleased with you.
You visited 11 branches of the dungeon, and saw 51 of its levels.
You visited the Abyss 1 time.
You also visited: Bailey, Ice Cave, Wizlab and Desolation.

You collected 9743 gold pieces.
You spent 8278 gold pieces at shops.

Inventory:

Hand Weapons
 a - a +9 executioner's axe of flaming (weapon)
 b - a +9 antimagic executioner's axe
 c - a +2 heavy executioner's axe
 e - a +0 hand axe
 O - a +8 executioner's axe of freezing
Missiles
 i - 16 javelins
 y - 21 boomerangs (quivered)
 W - 9 curare-tipped darts
 X - 5 throwing nets
 Y - a silver javelin
Armour
 n - a +2 cloak of willpower (worn)
 o - the +3 Mad Mage's Maulers (worn) {Infuse+∞ VampMP -Cast}
   (You bought it in a shop on level 2 of the Depths)

   Infuse+∞: It empowers its wearer's blows with all of their magic.
   VampMP:    Blows struck in melee replenish the wearer's magic.
   -Cast:     It prevents spellcasting.
 B - a +2 hat of see invisible
 E - a +10 plate armour of fire resistance (worn)
 M - a +2 pair of boots of rampaging (worn)
Jewellery
 f - the ring of Hefreq (left hand) {rF+ rC+ Will+ rCorr Stlth+}
   (You took it off a skeletal warrior on level 3 of the Crypt)

   [ring of resist corrosion]

   rF+:       It protects you from fire.
   rC+:       It protects you from cold.
   Will+:     It increases your willpower.
   rCorr:     It protects you from acid and corrosion.
   Stlth+:    It makes you more stealthy.
 p - the ring of Iciso {rPois rCorr EV+5 Dex+3}
   (You took it off a deep elf high priest on level 5 of the Vaults)

   [ring of evasion]

   EV+5:      It affects your evasion (+5).
   Dex+3:     It affects your dexterity (+3).
   rPois:     It protects you from poison rCorr: It protects you from acid and
   corrosion.
 H - the ring of Powukk (right hand) {^Contam rC+ rN+ Str+2}
   (You bought it in a shop on level 2 of the Orcish Mines)

   [ring of positive energy]

   Str+2:     It affects your strength (+2).
   rC+:       It protects you from cold.
   rN+:       It protects you from negative energy.
   ^Contam:   It causes magical contamination when unequipped.
 L - the ring "Agrin" {rElec Str+6}
   (You acquired it on level 4 of the Swamp)

   [ring of strength]

   Str+6:     It affects your strength (+6).
   rElec:     It insulates you from electricity.
 R - the amulet of Dafengi (around neck) {Reflect ^Fragile rF+ Str+3 Dex+4 SH+5}
   (You took it off a ragged hierophant in the Desolation of Salt)

   [amulet of reflection]

   Reflect:   It reflects blocked missile attacks.
   Str+3:     It affects your strength (+3).
   Dex+4:     It affects your dexterity (+4).
   rF+:       It protects you from fire.
   ^Fragile:  It will be destroyed if unequipped.
   SH+5:      It affects your SH (+5).
Wands
 d - a wand of digging (2)
 A - a wand of charming (21)
 F - a wand of mindburst (26)
 Q - a wand of light (15)
 U - a wand of roots (37)
Scrolls
 g - 19 scrolls of teleportation
 s - 4 scrolls of silence
 x - 12 scrolls of immolation
 z - 2 scrolls of fear
 D - 6 scrolls of vulnerability
 I - 5 scrolls of blinking
 K - a scroll of brand weapon
 V - 5 scrolls of poison
Potions
 j - 8 potions of lignification
 k - 8 potions of ambrosia
 l - 5 potions of enlightenment
 u - 4 potions of invisibility
 v - 27 potions of curing
 w - 5 potions of heal wounds
 C - 9 potions of attraction
 S - a potion of might
 T - 2 potions of berserk rage
 Z - 3 potions of cancellation
Miscellaneous
 m - a phantom mirror (inert)
 r - a lightning rod (4/4)
 t - a tin of tremorstones (2/2)
 G - a box of beasts (inert)
 J - a phial of floods (inert)


   Skills:
 O Level 27 Fighting
 O Level 27 Axes
 - Level 14.0(22.1) Maces & Flails
 - Level 19.0 Throwing
 O Level 27 Armour
 + Level 18.0 Dodging
 - Level 18.0 Evocations


You had 26 spell levels left.
You didn't know any spells.
Your spell library was empty.

Dungeon Overview and Level Annotations

Branches:
Dungeon (15/15)            Temple (1/1) D:5            Lair (5/5) D:8
  Swamp (4/4) Lair:2       Spider (4/4) Lair:3        Slime (0/5) Lair:5
    Orc (2/2) D:12            Elf (3/3) Orc:2        Vaults (5/5) D:14
  Crypt (3/3) Vaults:3       Tomb (0/3) Crypt:3      Depths (4/4) D:15
    Zot (5/5) Depths:4     Bailey (visited)           IceCv (visited)
 WizLab (visited)         Desolation (visited)

Altars:
Ashenzari
Cheibriados
Dithmenos
Elyvilon
Fedhas
Gozag
Hepliaklqana
Kikubaaqudgha
Makhleb
Nemelex Xobeh
Okawaru
Qazlal
Ru
Sif Muna
Trog
Uskayaw
Vehumet
Wu Jian
Xom
Yredelemnul
Zin
The Shining One

Shops:
D:2 (   D:7 *   Orc:1 *   Orc:2 (=*?   Elf:1 ((*(   Elf:2 **=?   Vaults:2 :
Depths:1 *   Depths:2 [   Depths:3 =

Portals:
Hell: Depths:1 Depths:2 Depths:3 Depths:4
Abyss: Depths:3 Depths:4
Pandemonium: Orc:2 Depths:2 Depths:3
Ziggurat: Depths:1


Innate Abilities, Weirdness & Mutations

You have a pair of horns on your head.
You reflexively headbutt those who attack you in melee.
You have sharp toenails.
Your mind is acute. (Int +4, Str/Dex -1)
You are frail. (-10% HP)
You are occasionally teleported next to monsters.
Your spells are a little harder to cast, but a little more powerful.


Message History

This square is covered in magical glow.
The rock shatters into small pieces.
As you read the scroll of fog, it dissolves into smoke.
You float gracefully downwards.
Your enlightenment fades.
As you read the scroll of butterflies, it crumbles to dust.
You hear the flapping of tiny wings.
The large abomination completely misses your butterfly.
You swap places.
The large abomination hits your butterfly!
Your butterfly dies!
Your butterfly disappears in a burst of colours!
You swap places.
You swap places.
There is a staircase leading out of the dungeon here.
You feel extremely strange. The horns on your head shrink a bit.
You feel more energetic.
You feel healthier.
Your regeneration stops near monsters.
Your body twists and deforms.
You feel stronger.
You feel extremely strange.
You feel weaker.
Your body's shape seems more normal.
You begin to regenerate regardless of the presence of monsters.
You feel less in control of your magic.
You feel extremely strange.
You regain control of your magic.
Your toenails lengthen and sharpen.
You feel clumsy.
You feel extremely strange.
Your talons dull and shrink into feet.
You feel agile.
You feel your surroundings grow quieter.
You feel a strange attunement to the structure of the dungeons.
You feel clever.
You feel extremely strange.
You feel slightly disoriented.
You feel stupid.
You feel your surroundings grow louder.
You feel less in control of your magic.
You feel resistant to heat.
You feel less in control of your magic.
You feel extremely strange.
You feel more in control of your magic.
You no longer feel heat resistant.
You feel weirdly uncertain.
You feel clever.
You feel frail.
Your toenails lengthen and sharpen.
You have escaped!

# ################ #...§§§§##
# #...≈≈≈≈...# ♣♣#♣##...§§§§#
###..........#♣♣.'.######§###
.8#....≈≈....#♣.♣#b# ##X##
..'..........#♣.♣#.# ##.##
..'..........'.♣♣#b###b##
..'..........#####b##b##
.8#....~~....#.bbbb#b##
###..........#bb@bbb##
#...~~~~...#.bbbb##
##################


There were no monsters in sight!

Vanquished Creatures
  A pandemonium lord (Zot:5)
  5 orbs of fire
  3 dread liches
  2 ancient liches
  Josephina (Depths:2)
  The ghost of Xoaqiam the Bludgeoner, a legendary GnFi of Cheibriados (Zot:2)
  2 Killer Klowns (Zot:5)
  3 curse toes
  Saint Roka (Vaults:3)
  A caustic shrike (Depths:1)
  8 golden dragons
  The ghost of yalue the Executioner, an adept MiFi of the Shining One (Crypt:1)
  Nikola (Spider:3)
  the Enchantress (Depths:4)
  Norris (Elf:2)
  3 doom hounds (Depths:2)
  3 bone dragons
  Arachne (Spider:3)
  A Brimstone Fiend (D:1)
  3 electric golems
  2 Tzitzimimeh
  2 shard shrike zombies
  26 Orb Guardians (Zot:5)
  A shard shrike skeleton (Crypt:3)
  9 tentacled monstrosities
  Jorgrun (Spider:2)
  A walking earthen tome (Depths:2)
  Grunn (Depths:2)
  8 liches
  2 deep elf blademasters (Elf:3)
  2 deep elf master archers (Elf:3)
  3 sphinxes
  A titan (Vaults:5)
  A walking frostbound tome (Depths:2)
  5 quicksilver dragons
  10 death cobs
  Kirke (Lair:3)
  11 ancient champions
  2 revenants
  Frances (Swamp:1)
  10 tengu reavers
  A tentacled starspawn (Abyss:3)
  14 shadow dragons
  Aizul (Swamp:3)
  Donald (Vaults:1)
  Roxanne (Elf:1)
  19 storm dragons
  4 frost giants
  4 draconian knights
  4 protean progenitors
  3 draconian monks
  5 deep elf sorcerers
  3 iron dragons
  13 vault wardens
  5 emperor scorpions
  4 draconian shifters
  4 orc warlords
  5 fire giants
  5 deep elf elementalists
  A shard shrike simulacrum (Crypt:2)
  An imperial myrmidon (Desolation)
  3 ghost moths
  A spectral juggernaut (Depths:2)
  A balrug (Depths:2)
  10 draconian scorchers
  8 draconian stormcallers
  5 ghouls
  A formless jellyfish (Vaults:3)
  2 curse skulls (Crypt:2)
  2 reapers
  5 spriggan defenders (Depths:4)
  6 broodmothers
  10 very ugly things
  A caustic shrike skeleton (Crypt:3)
  22 ironbound preservers
  18 stone giants
  6 draconian annihilators
  3 ironbound thunderhulks
  8 green draconians
  A putrid mouth (Depths:1)
  Nessos (D:14)
  2 spark wasps
  4 deep elf demonologists
  An eleionoma (Swamp:1)
  5 black draconians
  6 deep elf death magi
  2 halazid warlocks (Desolation)
  6 yellow draconians
  4 bunyips
  7 deep elf annihilators
  16 purple draconians
  16 dire elephants
  19 red draconians
  3 war gargoyles
  6 vampire knights
  11 white draconians
  A merfolk javelineer (Depths:3)
  2 blizzard demons (Zot:3)
  4 eidola
  7 statues (WizLab)
  4 jiangshi (Crypt:2)
  A mummy priest (Crypt:3)
  A shambling mangrove (Swamp:3)
  10 ettins
  4 entropy weavers
  5 crystal guardians
  8 fire dragons
  3 spriggan zombies (Crypt:2)
  5 deep elf high priests
  Harold (D:10)
  8 great orbs of eyes
  A kraken zombie (Swamp:3)
  14 yaktaur captains
  6 ice dragons
  3 rakshasas
  2 spectral spriggans (Crypt:2)
  8 ragged hierophants
  A ghost crab (Swamp:3)
  9 servants of whispers (Desolation)
  21 hydras
  Fannar (Lair:3)
  12 ironbound frosthearts
  35 vault guards
  An ogre mage (Vaults:5)
  2 demonspawn (Orc:2)
  6 alligators
  A juggernaut simulacrum (Crypt:2)
  2 jorogumos (Spider:4)
  A catoblepas (Lair:2)
  16 centaur warriors
  6 boulder beetles
  3 radroaches (Spider:4)
  7 peacekeepers
  2 spriggan air magi (Depths:4)
  7 two-headed ogres
  2 death knights
  3 caustic shrike simulacra (IceCv)
  6 tengu warriors (Depths:1)
  7 deep troll shamans
  31 dancing weapons
  3 demonic crawlers
  13 deep troll earth magi
  An Orb Guardian skeleton (Crypt:3)
  2 vampire magi
  3 death yaks
  2 hell hogs
  A titan zombie (Crypt:2)
  9 orc high priests
  19 deep elf knights
  11 hell knights
  2 spectral nagas (Crypt:2)
  A fire crab (Lair:5)
  A spriggan berserker (Depths:2)
  A skyshark (shapeshifter) (Vaults:4)
  8 sun demons
  3 sixfirhies
  3 skysharks
  2 soul eaters
  9 iron trolls
  A bunyip zombie (Crypt:2)
  61 skeletal warriors
  74 deep trolls
  A quicksilver dragon simulacrum (Crypt:2)
  A golden dragon zombie (Crypt:2)
  A mana viper (shapeshifter) (Vaults:1)
  6 goliath frogs
  2 shadow wraiths
  6 pharaoh ants
  An anaconda zombie (Crypt:2)
  6 spriggan druids
  4 flayed ghosts
  7 orb spiders
  11 bog bodies
  A shadow demon (Depths:3)
  A spriggan simulacrum (Crypt:2)
  7 deep elf archers
  A shadow dragon zombie (Crypt:2)
  An obsidian statue (Crypt:1)
  3 orange crystal statues
  10 phantasmal warriors
  9 swamp dragons
  9 necromancers
  An anaconda skeleton (Crypt:3)
  8 lindwurms
  11 orc knights
  3 glowing orange brains
  25 deep elf pyromancers
  5 steelbarb worms
  8 arcanists
  25 deep elf zephyrmancers
  24 ironbound convokers
  2 stone giant zombies
  7 harpies
  29 ugly things
  17 wolf spiders
  7 manticores
  5 orc sorcerers (Orc:2)
  2 elf skeletons
  Maurice (D:7)
  4 cyclopes
  An oklob plant (Lair:3)
  6 black mambas
  9 kobold blastminers
  21 moths of wrath
  12 will-o-the-wisps
  14 elephants
  A guardian serpent (shapeshifter) (Vaults:5)
  A moth of wrath (shapeshifter) (Vaults:5)
  A stone giant skeleton (Crypt:3)
  A frost giant skeleton (Crypt:2)
  6 meliai
  An elephant (shapeshifter) (Depths:4)
  An eye of devastation (shapeshifter) (Vaults:5)
  An iron dragon skeleton (Crypt:3)
  A rust devil (Orc:2)
  3 gargoyles (D:12)
  A dire elephant zombie (Crypt:3)
  3 molten gargoyles (Desolation)
  18 vault sentinels
  A titan simulacrum (Depths:3)
  3 centaur skeletons
  4 guardian serpents
  12 cane toads
  A cane toad (shapeshifter) (Elf:2)
  10 torpor snails
  A torpor snail (shapeshifter) (Vaults:5)
  A storm dragon simulacrum (Crypt:2)
  An unseen horror (D:11)
  A black draconian zombie (Crypt:2)
  Maggie (D:8)
  4 dire elephant skeletons (Crypt:3)
  A red draconian zombie (Crypt:1)
  A naga skeleton (Crypt:3)
  A spark wasp simulacrum (Depths:3)
  3 kobold demonologists (D:12)
  2 hellions
  A mana viper skeleton (Crypt:2)
  A human zombie (Vaults:3)
  2 rime drakes (Lair:3)
  48 yaktaurs
  A swamp worm zombie (Crypt:1)
  A death yak zombie (Crypt:3)
  Psyche (D:8)
  A pale draconian zombie (Crypt:3)
  12 komodo dragons
  10 freezing wraiths
  An unseen horror zombie (Crypt:1)
  A yellow draconian skeleton (Crypt:2)
  A tormentor (D:1)
  An anaconda simulacrum (IceCv)
  An iron troll zombie (Crypt:1)
  6 guardian mummies (Crypt:3)
  22 tengu conjurers
  A great orb of eyes zombie (Crypt:1)
  A hydra zombie (Crypt:2)
  A minotaur skeleton (Crypt:1)
  A spectral harpy (Crypt:2)
  13 tyrant leeches
  3 bloated husks
  2 golden dragon simulacra (IceCv)
  13 trolls
  27 hornets
  A hellwing (Zot:5)
  12 polar bears
  A wind drake (shapeshifter) (Vaults:5)
  2 glass eyes
  8 harpy skeletons
  An alligator simulacrum (IceCv)
  8 blink frogs
  16 dream sheep
  48 saltlings
  6 hydra skeletons
  25 tarantellas
  30 slime creatures
  21 jumping spiders
  A stone giant simulacrum (Crypt:2)
  An air elemental (Elf:2)
  A centaur simulacrum (Crypt:2)
  3 vampires
  24 culicivoras
  An ettin skeleton (Crypt:3)
  16 spriggan skeletons
  20 spriggans
  2 dire elephant simulacra
  5 shadows
  8 wraiths
  12 water elementals
  A ynoxinul (Depths:2)
  2 fire elementals
  2 hogs (Lair:3)
  A yak (shapeshifter) (Elf:2)
  47 yaks
  2 wyverns
  5 basilisks
  5 steam dragons
  10 wargs
  35 redbacks
  A neqoxec (D:10)
  A demonspawn zombie (Crypt:1)
  11 vampire mosquitoes
  3 harpy simulacra
  26 swamp worms
  2 acid dragons (D:11)
  2 hydra simulacra (IceCv)
  15 hell hounds (Lair:5)
  14 water moccasins
  Duvessa (D:6)
  2 merfolk skeletons
  A two-headed ogre skeleton (Crypt:1)
  49 orc warriors
  11 swamp drakes
  13 black bears
  A cane toad skeleton (Crypt:2)
  2 ettin simulacra (IceCv)
  2 sky beasts
  An ice beast (D:7)
  A snapping turtle zombie (Crypt:1)
  34 laughing skulls
  11 ogres
  24 wolves
  11 centaurs
  A lindwurm skeleton (Crypt:3)
  A dream sheep skeleton (Crypt:3)
  2 phantoms
  3 kobold brigands
  7 necrophages
  16 bullfrogs
  A glowing shapeshifter simulacrum (Depths:3)
  A small abomination (Abyss:3)
  6 scorpions
  3 earth elementals
  4 gnoll sergeants
  10 wights
  A water moccasin skeleton (Crypt:2)
  Dowan (D:6)
  3 lindwurm simulacra (IceCv)
  9 killer bees (D:9)
  An electric eel (Lair:2)
  5 howler monkeys
  A bombardier beetle (D:4)
  7 centaur zombies (D:10)
  A jelly (D:4)
  4 hounds
  30 orc priests
  4 gnoll boudas
  A human skeleton (Crypt:3)
  Terence (D:2)
  A scorpion zombie (Crypt:2)
  3 iguanas
  20 orc wizards
  7 hell rats (Lair:5)
  An ogre skeleton (Crypt:2)
  A howler monkey zombie (D:10)
  4 adders
  38 gnolls
  3 dart slugs
  84 orcs
  7 ball pythons
  2 bats (D:2)
  7 endoplasms
  3 giant cockroaches
  14 goblins
  11 hobgoblins
  3 jackals (D:2)
  18 kobolds
  4 quokkas
  4 frilled lizards
  7 rats
  4 aspiring fleshes
2560 creatures vanquished.

Vanquished Creatures (collateral kills)
  An orb of fire (Zot:5)
  2 ancient liches
  Mara (Depths:1)
  Rupert (Lair:3)
  A sphinx (Vaults:5)
  A tengu reaver (Vaults:5)
  A protean progenitor (Zot:5)
  Louise (Elf:1)
  A cacodemon (D:14)
  2 purple draconians
  A green draconian (Zot:5)
  2 white draconians
  A yellow draconian (Zot:3)
  A merfolk javelineer (Depths:1)
  A rakshasa (Depths:1)
  A great orb of eyes (Depths:1)
  A spriggan air mage (Depths:1)
  2 dancing weapons (Elf:2)
  A tengu warrior (Depths:1)
  2 deep elf knights (Elf:1)
  4 hell knights (Depths:1)
  A sun demon (Depths:1)
  A flayed ghost (Depths:1)
  2 deep elf pyromancers
  An orc sorcerer (Orc:2)
  A deep elf zephyrmancer (Elf:1)
  An ugly thing (D:14)
  A shining eye (Depths:1)
  A rust devil (Orc:2)
  An ice devil (Orc:2)
  A hellion (D:14)
  A tengu conjurer (WizLab)
  A tormentor (Depths:2)
  A troll (D:7)
  A tyrant leech (Zot:5)
  An air elemental (Elf:1)
  A wraith (D:10)
  A water elemental (Depths:1)
  A yak (D:8)
  A fire elemental (Elf:1)
  2 hogs (Lair:3)
  An ice beast (D:7)
  3 orc warriors
  A kobold brigand (D:7)
  4 wights
  5 orc priests (Orc:2)
  An orc wizard (D:7)
  A howler monkey zombie (D:10)
  5 orcs
  2 kobolds (D:7)
74 creatures vanquished.

Vanquished Creatures (others)
  A vampire knight (Depths:1)
  A hell knight (Depths:1)
  A skeletal warrior (Crypt:2)
  A spriggan druid (Swamp:3)
  A spriggan simulacrum (Depths:3)
  A deep elf zephyrmancer (Elf:1)
  2 bloated husks
  A tarantella (Spider:4)
  A jumping spider (Spider:1)
  A culicivora (Spider:1)
  An acid dragon (shapeshifter) (Elf:1)
  3 orc warriors (Orc:2)
  36 foxfires
  2 starspawn tentacles (Abyss:3)
  8 tentacles (Swamp:3)
61 creatures vanquished.

Grand Total: 2695 creatures vanquished

Notes
Turn   | Place    | Note
-------+----------+-------------------------------------------
     0 | D:1      | Sevala the Minotaur Berserker began the quest for the Orb.
     0 | D:1      | Reached XP level 1. HP: 19/19 MP: 0/0
    63 | D:1      | Reached XP level 2. HP: 24/27 MP: 1/1
   592 | D:2      | Reached XP level 3. HP: 33/33 MP: 2/2
   680 | D:2      | Found Pucelauta's Antique Weapon Emporium.
   713 | D:2      | Noticed Terence
   876 | D:2      | Reached ** piety under Trog
   877 | D:2      | Reached skill level 5 in Maces & Flails
  1215 | D:3      | Noticed an ogre
  1238 | D:3      | Killed an ogre
  1239 | D:3      | Reached XP level 4. HP: 40/40 MP: 3/3
  1239 | D:3      | Reached XP level 5. HP: 46/46 MP: 4/4
  1432 | D:3      | Found a basalt altar of Yredelemnul.
  1671 | D:3      | You fall into a shaft and drop 1 floor!
  1796 | D:4      | Reached XP level 6. HP: 44/52 MP: 5/5
  2827 | D:5      | Entered Level 5 of the Dungeon
  2839 | D:5      | Found a staircase to the Ecumenical Temple.
  3057 | D:5      | Reached XP level 7. HP: 33/59 MP: 6/6
  3218 | D:5      | Found an ornate altar of the Wu Jian Council.
  3325 | D:5      | Reached skill level 10 in Maces & Flails
  3479 | D:5      | Reached *** piety under Trog
  3555 | D:5      | Found a white marble altar of Elyvilon.
  3555 | D:5      | Found a shimmering blue altar of Sif Muna.
  3557 | D:5      | Found a hazy altar of Hepliaklqana.
  3860 | Temple   | Entered the Ecumenical Temple
  3881 | D:6      | Noticed a steam dragon
  3897 | D:6      | Noticed Duvessa
  3903 | D:5      | Killed a steam dragon
  4083 | D:6      | Reached XP level 8. HP: 47/66 MP: 7/7
  4249 | D:6      | Noticed a troll
  4297 | D:6      | Killed a troll
  4581 | D:6      | Noticed Dowan
  4597 | D:6      | Killed Duvessa
  4599 | D:6      | Killed Dowan
  4756 | D:6      | Found the +18 Lear's hauberk
  4762 | D:6      | Upgraded the game from 0.31.0-11-ge490571c62 to
                  | 0.31.0-12-g77e489cdc1
  5209 | D:2      | Found Pucelauta's Antique Weapon Emporium.
  5265 | D:2      | Killed Terence
  5566 | D:7      | Found a flagged portal.
  5597 | Bailey   | Entered a bailey
  5617 | Bailey   | Noticed an orc warlord
  5755 | Bailey   | Reached XP level 9. HP: 47/71 MP: 8/8
  5852 | Bailey   | Reached **** piety under Trog
  5919 | Bailey   | Found a runed translucent gate.
  5923 | Bailey   | Reached skill level 10 in Fighting
  5923 | Bailey   | Reached skill level 10 in Armour
  5923 | Bailey   | Reached XP level 10. HP: 94/94 MP: 9/9
  5926 | Bailey   | Found a runed translucent gate.
  5927 | Bailey   | Found a runed translucent gate.
  6005 | Bailey   | Killed an orc warlord
  6160 | D:7      | Reached skill level 10 in Axes
  6160 | D:7      | Reached XP level 11. HP: 102/102 MP: 10/10
  6234 | D:7      | Found a radiant altar of Vehumet.
  6352 | D:7      | Found a burning altar of Makhleb.
  6397 | D:7      | Found Hosam's Assorted Antiques.
  6404 | D:7      | Bought a granite ring for 100 gold pieces
  6404 | D:7      | Bought a runed lead wand for 80 gold pieces
  6404 | D:7      | Bought a scroll of identify for 40 gold pieces
  6795 | D:7      | Noticed Maurice
  6810 | D:7      | Killed Maurice
  6917 | D:7      | Found a glowing golden altar of the Shining One.
  7483 | D:8      | Noticed a centaur warrior
  7503 | D:8      | Killed a centaur warrior
  7554 | D:8      | Reached XP level 12. HP: 58/111 MP: 11/11
  7731 | D:8      | Identified the +0 ring mail of Ythriluyd {Dex+4}
  7825 | D:8      | Noticed Psyche
  7830 | D:8      | Killed Psyche
  7897 | D:8      | Noticed a death yak
  7906 | D:8      | Noticed Maggie
  7919 | D:8      | Killed a death yak
  7929 | D:8      | Killed Maggie
  7937 | D:8      | Found a staircase to the Lair.
  8497 | D:9      | Reached ***** piety under Trog
  8561 | D:9      | Noticed a two-headed ogre
  8585 | D:9      | Killed a two-headed ogre
  8645 | D:9      | Reached skill level 5 in Throwing
  9247 | D:10     | Entered Level 10 of the Dungeon
  9257 | D:10     | Found a bloodstained altar of Trog.
  9321 | D:10     | Noticed Harold
  9342 | D:10     | Killed Harold
  9541 | D:10     | Identified the +7 halberd "Ihox" {flame, rC+ Will+ Dex+3}
 10194 | Lair:1   | Entered Level 1 of the Lair of Beasts
 10202 | Lair:1   | Reached skill level 15 in Axes
 10292 | Lair:1   | Reached XP level 13. HP: 106/118 MP: 12/12
 11481 | Lair:1   | Received a gift from Trog
 12479 | Lair:2   | Found a staircase to the Swamp.
 13283 | Lair:3   | Found a hole to the Spider Nest.
 13384 | Lair:3   | Noticed Fannar
 13385 | Lair:3   | Noticed Kirke
 13389 | Lair:3   | Noticed Rupert
 13392 | Lair:3   | Killed Fannar
 13398 | Lair:3   | Killed Kirke
 13400 | Lair:3   | Killed Rupert
 13471 | Lair:3   | Identified the +4 falchion of Neshy {chaos, Will+ Int+2}
 13512 | Lair:3   | Reached XP level 14. HP: 121/126 MP: 13/13
 15183 | Lair:5   | Entered Level 5 of the Lair of Beasts
 15676 | Lair:5   | Reached ****** piety under Trog
 15696 | Lair:5   | Found a staircase to the Slime Pits.
 15897 | Lair:5   | Identified the +2 battleaxe "Esotorui" {flame, rC+ Str-4
                  | SInv} (Trog gifted it to you on level 5 of the Lair of
                  | Beasts)
 15897 | Lair:5   | Received a gift from Trog
 16696 | Lair:5   | Reached XP level 15. HP: 112/132 MP: 14/14
 16725 | Lair:5   | Identified the +6 battleaxe of Trog's Scorn {flame, Fly
                  | Stlth+} (Trog gifted it to you on level 5 of the Lair of
                  | Beasts)
 16725 | Lair:5   | Received a gift from Trog
 16943 | Lair:5   | Identified the +2 long sword of Feonnur {freeze, MP+9
                  | Dex+5}
 16986 | Lair:5   | Identified the maw talisman of the Salmon {Will+ Int-5
                  | Dex+5 Stlth+}
 19078 | D:12     | Received a gift from Trog
 19234 | D:12     | Found a staircase to the Orcish Mines.
 19980 | D:7      | Bought a potion of might for 80 gold pieces
 19980 | D:7      | Bought a potion of heal wounds for 100 gold pieces
 19980 | D:7      | Bought 2 potions of curing for 120 gold pieces
 20533 | D:14     | Noticed Nessos
 20717 | D:14     | Killed Nessos
 21082 | D:14     | Found a gate to the Vaults.
 21126 | D:14     | Reached XP level 16. HP: 53/147 MP: 15/15
 21759 | D:14     | Reached skill level 1 in Evocations
 21850 | D:15     | Entered Level 15 of the Dungeon
 21926 | D:15     | Found a staircase to the Depths.
 21984 | D:15     | Reached skill level 10 in Throwing
 22021 | D:15     | Received a gift from Trog
 22282 | D:15     | Reached skill level 15 in Fighting
 22925 | Orc:1    | Entered Level 1 of the Orcish Mines
 23253 | Orc:2    | Entered Level 2 of the Orcish Mines
 23375 | Orc:2    | Found a staircase to the Elven Halls.
 23946 | Orc:1    | Received a gift from Trog
 24085 | Orc:1    | Found Ibeurcho's Assorted Antiques.
 24093 | Orc:1    | Bought a scroll of identify for 62 gold pieces
 24093 | Orc:1    | Bought a scroll of identify for 62 gold pieces
 24094 | Orc:1    | Bought a scroll of blinking for 232 gold pieces
 24094 | Orc:1    | Bought a potion of might for 124 gold pieces
 24460 | Orc:2    | Found Isoesip's General Store.
 24463 | Orc:2    | Found Gehoin Iheocw's Magic Scroll Boutique.
 24687 | Orc:2    | Bought a scroll of identify for 34 gold pieces
 24688 | Orc:2    | Identified 2 scrolls of acquirement
 24691 | Orc:2    | Bought a scroll of identify for 28 gold pieces
 24691 | Orc:2    | Bought a scroll of identify for 28 gold pieces
 24752 | Orc:2    | Reached skill level 5 in Dodging
 25076 | Orc:2    | Found Bumo Owe's Jewellery Shoppe.
 25076 | Orc:2    | Found Vafici's Antique Weapon Emporium.
 25077 | Orc:2    | Found a one-way gate leading to the halls of Pandemonium.
 25445 | Orc:2    | Bought a lightning rod (4/4) for 680 gold pieces
 25447 | Orc:2    | Bought a scroll of blinking for 105 gold pieces
 25447 | Orc:2    | Bought a scroll of blinking for 105 gold pieces
 25476 | Orc:2    | Bought the ring "Muacaosh" {Fly rC+ Will+} for 739 gold
                  | pieces
 25766 | Swamp:1  | Entered Level 1 of the Swamp
 26054 | Swamp:1  | Noticed Frances
 26063 | Swamp:1  | Killed Frances
 26444 | Swamp:1  | Identified the +0 robe of Marbles {Fly Str+3 Stlth-}
 26977 | Swamp:2  | Reached XP level 17. HP: 139/159 MP: 16/16
 27959 | Swamp:3  | Received a gift from Trog
 28152 | Swamp:3  | Identified the serpent talisman "Ytor" {rF+}
 28152 | Swamp:3  | Noticed Aizul
 28167 | Swamp:3  | Killed Aizul
 28666 | Swamp:3  | Reached skill level 15 in Armour
 29033 | Swamp:3  | Received a gift from Trog
 29126 | Swamp:3  | Reached skill level 5 in Evocations
 29496 | Spider:1 | Entered Level 1 of the Spider Nest
 30560 | Orc:2    | Bought the amulet of Hiaplomuc {Spirit Rampage *Slow rPois
                  | rCorr} for 741 gold pieces
 30571 | Orc:2    | Acquired 633 gold pieces
 30574 | Orc:2    | Bought the ring of Powukk {^Contam rC+ rN+ Str+2} for 586
                  | gold pieces
 30953 | Spider:1 | Identified the ring of Yshokoon {Fly rF+ rCorr AC+4}
 31526 | Spider:2 | Received a gift from Trog
 31671 | Spider:2 | Noticed Jorgrun
 31691 | Spider:2 | Killed Jorgrun
 32032 | Spider:3 | Noticed Nikola
 32141 | Spider:3 | Killed Nikola
 32185 | Spider:3 | Reached XP level 18. HP: 159/171 MP: 14/17
 32452 | Spider:3 | Noticed Arachne
 32468 | Spider:3 | Killed Arachne
 32469 | Spider:3 | Reached skill level 10 in Dodging
 32942 | Spider:4 | Entered Level 4 of the Spider Nest
 33917 | Spider:4 | Identified the +10 great sword of Certain Death {flame,
                  | rN+} (Trog gifted it to you on level 4 of the Spider Nest)
 33917 | Spider:4 | Received a gift from Trog
 34409 | Spider:4 | Got a gossamer rune of Zot
 34975 | Orc:2    | Bought a scroll of revelation for 105 gold pieces
 35334 | Swamp:4  | Entered Level 4 of the Swamp
 35820 | Swamp:4  | Received a gift from Trog
 36122 | Swamp:4  | Acquired the ring "Agrin" {rElec Str+6}
 36332 | Swamp:4  | Got a decaying rune of Zot
 36713 | Elf:1    | Entered Level 1 of the Elven Halls
 36769 | Elf:1    | Noticed Louise
 36779 | Elf:1    | Killed Louise
 37073 | Elf:1    | Noticed Roxanne
 37292 | Elf:1    | Reached XP level 19. HP: 181/185 MP: 12/18
 37341 | Elf:1    | Found Uples's General Store.
 37341 | Elf:1    | Found Ahirung's Antique Weapon Shop.
 37342 | Elf:1    | Found Osioss's Antique Weapon Boutique.
 37344 | Elf:1    | Found Heanaef's Weapon Shop.
 37367 | Elf:1    | Received a gift from Trog
 38170 | Elf:1    | Killed Roxanne
 38294 | Elf:2    | Paralysed by an air elemental for 1 turns
 38300 | Elf:2    | Noticed Norris
 38304 | Elf:2    | Found Gumm's General Store.
 38318 | Elf:2    | Killed Norris
 38359 | Elf:2    | Found Ciunirch's Jewellery Shoppe.
 38361 | Elf:2    | Found Ybreckew's Magic Scroll Shoppe.
 38362 | Elf:2    | Found Ineaf's Assorted Antiques.
 38667 | Elf:2    | Bought the amulet "Kalocvid" {^Contam Regen+ rCorr Int+3}
                  | for 562 gold pieces
 38680 | Elf:2    | Acquired a +1 pair of boots of rampaging
 38827 | Elf:2    | Reached skill level 10 in Evocations
 38974 | Elf:2    | Found a runed translucent gate.
 38975 | Elf:2    | Found a runed translucent gate.
 38975 | Elf:2    | Found a runed translucent gate.
 39286 | Elf:2    | Received a gift from Trog
 39638 | Elf:2    | Bought a scroll of enchant armour for 90 gold pieces
 39867 | Vaults:1 | Entered Level 1 of the Vaults
 39868 | Vaults:1 | Identified the +5 arbalest "Ahut" {freeze, rF- Int+4}
 39894 | Vaults:1 | You are sucked into a shaft and drop 1 floor!
 40509 | Vaults:1 | Noticed Donald
 40517 | Vaults:1 | Killed Donald
 40531 | Vaults:1 | Reached XP level 20. HP: 195/195 MP: 2/19
 41018 | Vaults:1 | Received a gift from Trog
 42083 | Vaults:2 | Found Siedgh's Book Shop.
 42352 | Vaults:2 | Received a gift from Trog
 42679 | Vaults:3 | Received a gift from Trog
 42767 | Vaults:3 | Found a magical portal.
 42783 | WizLab   | Entered Iskenderun's Mystic Tower
 43614 | WizLab   | Received a gift from Trog
 44332 | Vaults:3 | Reached XP level 21. HP: 206/206 MP: 17/20
 44465 | Vaults:3 | Noticed Saint Roka
 44476 | Vaults:3 | Killed Saint Roka
 44571 | Vaults:4 | Received a gift from Trog
 44630 | Vaults:4 | Found a crumbling gateway.
 44705 | Desolati | Entered the Desolation of Salt
 44911 | Desolati | Identified the ring of Tium {rF+ rN+ Will+ Int+2}
 45272 | Desolati | Identified the +4 long sword of Foolhardiness {vamp, rElec
                  | rC+ Dex+3 SInv}
 45272 | Desolati | Identified the amulet of Dafengi {Reflect ^Fragile rF+
                  | Str+3 Dex+4 SH+5}
 45297 | Desolati | Received a gift from Trog
 45383 | Desolati | Identified the scarf "Igel" {harm, rElec Dex+3}
 45536 | Desolati | Identified the ring of Circularity {AC+4 Dex+7}
 46012 | Vaults:4 | Received a gift from Trog
 46042 | Vaults:4 | Reached skill level 15 in Evocations
 46953 | Depths:1 | Entered Level 1 of the Depths
 46953 | Depths:1 | Noticed Mara
 46969 | Depths:1 | Killed Mara
 46970 | Depths:1 | Reached XP level 22. HP: 170/222 MP: 0/21
 47173 | Depths:1 | Found a one-way gateway to a ziggurat.
 47406 | Depths:1 | Found a gateway to Hell.
 47506 | Depths:1 | Found Ynan's Pet Rocks.
 47548 | Depths:1 | Found a blossoming altar of Fedhas.
 48450 | Elf:1    | Bought 3 javelins for 153 gold pieces
 48612 | Elf:2    | Bought a black potion for 27 gold pieces
 48614 | Elf:2    | Bought 3 scrolls of fog for 372 gold pieces
 48619 | Elf:2    | Bought a scroll of fog for 48 gold pieces
 48619 | Elf:2    | Bought a scroll of poison for 48 gold pieces
 48662 | Elf:1    | Bought a potion of might for 68 gold pieces
 48712 | Elf:3    | Entered Level 3 of the Elven Halls
 48931 | Elf:3    | Found a glacial archway.
 48957 | IceCv    | Entered an ice cave
 49085 | IceCv    | Received a gift from Trog
 49117 | IceCv    | Identified the +7 sling of Disharmony {heavy, rElec SInv}
 49693 | Abyss:3  | Cast into level 3 of the Abyss (a deep elf sorcerer)
 49736 | Elf:3    | Escaped the Abyss
 50050 | Elf:3    | Identified the +1 leather armour "Igiducko" {+Blink rN+}
 50063 | Elf:3    | Identified the +0 scale mail of Mezcal {MP+9 Int+5}
 50071 | Elf:3    | Identified the +1 robe of the Many Geomancers {rF+ Will+
                  | Int-5}
 50077 | Elf:3    | Identified the ring of the Rhinotaur {rF+ Str+3}
 50080 | Elf:3    | Identified the staff of the Badger {rPois Str+3 Alchemy}
 50096 | Elf:3    | Identified the +2 robe "Imizxof" {Dex+3}
 50108 | Elf:3    | Identified the +5 sling of the Sneaky Lovers {heavy, rF+
                  | MP-9 SInv}
 50288 | Elf:2    | Bought a potion of cancellation for 248 gold pieces
 50575 | Vaults:3 | Received a gift from Trog
 50829 | Vaults:3 | Found a staircase to the Crypt.
 50829 | Vaults:3 | Found an ancient bone altar of Kikubaaqudgha.
 50830 | Vaults:3 | Found a basalt altar of Yredelemnul.
 50837 | Crypt:1  | Entered Level 1 of the Crypt
 51505 | Crypt:1  | Found an ancient bone altar of Kikubaaqudgha.
 51949 | Crypt:1  | Found an ancient bone altar of Kikubaaqudgha.
 52275 | Crypt:2  | Found a runed translucent gate.
 52276 | Crypt:2  | Found a runed translucent gate.
 52277 | Crypt:2  | Found a runed translucent gate.
 52278 | Crypt:2  | Noticed yalue's ghost (adept MiFi)
 52415 | Crypt:1  | Killed yalue's ghost
 52464 | Crypt:2  | Reached XP level 23. HP: 229/229 MP: 12/22
 52512 | Crypt:2  | Identified the ring "Plog" {Fire rCorr Str+5 Int-4 Dex+3}
 52547 | Crypt:2  | Identified the +8 battleaxe of Context {antimagic, rElec
                  | Dex+2} (Trog gifted it to you on level 2 of the Crypt)
 52547 | Crypt:2  | Received a gift from Trog
 53094 | Crypt:2  | Received a gift from Trog
 53631 | Crypt:3  | Entered Level 3 of the Crypt
 54011 | Crypt:3  | Received a gift from Trog
 54012 | Crypt:3  | Found a basalt altar of Yredelemnul.
 54195 | Crypt:3  | Found the +13 scythe of Curses {drain, curses, ^Drain}
 54314 | Crypt:3  | Identified the +0 battleaxe of the Empty Page {flame, rC-
                  | rN+ rCorr Str+5}
 54314 | Crypt:3  | Identified the ring of Hefreq {rF+ rC+ Will+ rCorr Stlth+}
 54326 | Crypt:3  | Reached skill level 15 in Throwing
 54337 | Crypt:3  | Noticed an ancient lich
 54353 | Crypt:3  | Killed an ancient lich
 54522 | Crypt:3  | Identified the +0 flail "Gagg" {venom, rElec rC+ Dex+4}
 55516 | Crypt:3  | Found a staircase to the Tomb.
 55852 | Depths:2 | Received a gift from Trog
 57058 | Depths:2 | Noticed a caustic shrike
 57072 | Depths:1 | Killed a caustic shrike
 57221 | Depths:2 | Identified the +4 flail "Zessih" {holy, rPois rC+ Dex+3
                  | SInv}
 57241 | Depths:2 | Reached XP level 24. HP: 222/242 MP: 18/22
 57276 | Depths:2 | Found a runed translucent door.
 57282 | Depths:2 | Found a runed translucent door.
 57533 | Depths:2 | Found a basalt altar of Yredelemnul.
 57696 | Depths:2 | Noticed Grunn
 57704 | Depths:2 | Killed Grunn
 57733 | Depths:1 | Bought a wand of digging (3) for 226 gold pieces
 57917 | Depths:2 | Found Igimpaoq's Armour Shop.
 57942 | Depths:2 | Bought the +3 Mad Mage's Maulers {Infuse+∞ VampMP -Cast}
                  | for 600 gold pieces
 57942 | Depths:2 | Found the +3 Mad Mage's Maulers {Infuse+∞ VampMP -Cast}
 57968 | Depths:2 | Identified the +0 robe of Joy {*Corrode +Blink rC++}
 58320 | Depths:3 | Identified the ring of Anivvy Fieru {Ice SInv}
 58320 | Depths:3 | Noticed Josephina
 58320 | Depths:3 | Found a one-way gate to the infinite horrors of the Abyss.
 58355 | Depths:2 | Received a gift from Trog
 58550 | Depths:2 | Killed Josephina
 59530 | Depths:3 | Received a gift from Trog
 59700 | Depths:3 | Found Laddutul's Jewellery Emporium.
 60233 | Depths:4 | Entered Level 4 of the Depths
 61685 | Depths:4 | Noticed the Enchantress
 61690 | Depths:4 | Killed the Enchantress
 62139 | Depths:4 | Found a gate to the Realm of Zot.
 62762 | Vaults:5 | Entered Level 5 of the Vaults
 62767 | Vaults:5 | Received a gift from Trog
 62768 | Vaults:5 | Reached XP level 25. HP: 160/253 MP: 2/22
 63051 | Vaults:5 | Noticed an ancient lich
 63289 | Vaults:5 | Killed an ancient lich
 63519 | Vaults:5 | Noticed a dread lich
 63524 | Vaults:5 | Killed a dread lich
 63538 | Vaults:5 | Identified the +0 robe of Kyuken {Str+4}
 63612 | Vaults:5 | Identified the ring "Zyrofe" {Ice +Blink Int-3 Slay+4}
 63652 | Vaults:5 | Identified the staff of the Final Chapter {rF+ Str-4 Stlth+
                  | Hexes Fire Ice}
 63675 | Vaults:5 | Received a gift from Trog
 64058 | Vaults:5 | Identified the ring of Iciso {rPois rCorr EV+5 Dex+3}
 64732 | Vaults:5 | Reached skill level 27 in Axes
 64871 | Vaults:5 | Identified the +1 dagger "Pafi" {freeze, *Corrode rF+
                  | Int+3}
 65425 | Vaults:5 | Got a silver rune of Zot
 65784 | Zot:1    | Entered Level 1 of the Realm of Zot
 66176 | Zot:1    | Noticed an orb of fire
 66178 | Zot:1    | Gained mutation: Your magical capacity is low. (-10% MP)
                  | [an orb of fire]
 66193 | Zot:1    | Killed an orb of fire
 66909 | Zot:1    | Reached skill level 27 in Fighting
 68153 | Zot:2    | Received a gift from Trog
 68643 | Zot:2    | Reached XP level 26. HP: 253/266 MP: 1/19
 68781 | Zot:2    | Reached skill level 15 in Dodging
 69012 | Zot:2    | Found a runed translucent gate.
 69012 | Zot:2    | Found a runed translucent gate.
 69012 | Zot:2    | Found a runed translucent gate.
 69012 | Zot:2    | Noticed Xoaqiam's ghost (legendary GnFi)
 69033 | Zot:2    | Killed Xoaqiam's ghost
 69722 | Zot:3    | Noticed an orb of fire
 69728 | Zot:3    | Gained mutation: You are dopey. (Int -2) [an orb of fire]
 69735 | Zot:3    | Gained mutation: Your body sometimes deteriorates upon
                  | taking damage. [an orb of fire]
 69738 | Zot:3    | Killed an orb of fire
 69781 | Zot:2    | Lost mutation: You are dopey. (Int -2) [potion of mutation]
 69781 | Zot:2    | Lost mutation: Your magical capacity is low. (-10% MP)
                  | [potion of mutation]
 69781 | Zot:2    | Lost mutation: Your body sometimes deteriorates upon taking
                  | damage. [potion of mutation]
 69781 | Zot:2    | Gained mutation: You have hidden genetic potential. [potion
                  | of mutation]
 69781 | Zot:2    | Gained mutation: You are dopey. (Int -2) [potion of
                  | mutation]
 69781 | Zot:2    | Gained mutation: Armour fits poorly on your strangely
                  | shaped body. [potion of mutation]
 69781 | Zot:2    | Gained mutation: You are robust. (+10% HP) [potion of
                  | mutation]
 70247 | Zot:3    | Received a gift from Trog
 70943 | Zot:3    | You fall into a shaft and drop 1 floor!
 72843 | Zot:5    | Entered Level 5 of the Realm of Zot
 73234 | Orc:2    | Bought a scroll of noise for 14 gold pieces
 73234 | Orc:2    | Bought a scroll of teleportation for 42 gold pieces
 73310 | Orc:1    | Bought a wand of light (7) for 911 gold pieces
 73442 | Elf:2    | Bought a scroll of enchant weapon for 90 gold pieces
 73446 | Elf:2    | Bought 2 scrolls of teleportation for 72 gold pieces
 73446 | Elf:2    | Bought a scroll of enchant weapon for 90 gold pieces
 73451 | Elf:2    | Bought a scroll of teleportation for 93 gold pieces
 73451 | Elf:2    | Bought a scroll of teleportation for 93 gold pieces
 73497 | Elf:1    | Bought a scroll of teleportation for 51 gold pieces
 73497 | Elf:1    | Bought a scroll of brand weapon for 161 gold pieces
 74280 | Orc:2    | Bought a potion of curing for 51 gold pieces
 74280 | Orc:2    | Bought a scroll of noise for 17 gold pieces
 74780 | Zot:5    | Received a gift from Trog
 75311 | Zot:5    | Noticed an orb of fire
 75317 | Zot:5    | Gained mutation: Your magical capacity is low. (-10% MP)
                  | [an orb of fire]
 75318 | Zot:5    | Gained mutation: Your magical capacity is very low. (-20%
                  | MP) [an orb of fire]
 75320 | Zot:5    | Gained mutation: Your body sometimes deteriorates upon
                  | taking damage. [an orb of fire]
 75324 | Zot:5    | Killed an orb of fire
 75331 | Zot:5    | Noticed an orb of fire
 75338 | Zot:5    | Killed an orb of fire
 75339 | Zot:5    | Noticed an ancient lich
 75348 | Zot:5    | Killed an ancient lich
 75357 | Zot:5    | Noticed an ancient lich
 75359 | Zot:5    | Noticed an orb of fire
 75366 | Zot:5    | Killed an orb of fire
 75387 | Zot:5    | Killed an ancient lich
 75809 | Zot:5    | Reached XP level 27. HP: 286/300 MP: 2/17
 76290 | Zot:5    | Lost mutation: You have hidden genetic potential. [potion
                  | of mutation]
 76290 | Zot:5    | Lost mutation: Your magical capacity is very low. (-20% MP)
                  | [potion of mutation]
 76290 | Zot:5    | Gained mutation: You are clumsy. (Dex -2) [potion of
                  | mutation]
 76290 | Zot:5    | Lost mutation: Your magical capacity is low. (-10% MP)
                  | [potion of mutation]
 76291 | Zot:5    | Lost mutation: Your body sometimes deteriorates upon taking
                  | damage. [potion of mutation]
 76291 | Zot:5    | Lost mutation: You are robust. (+10% HP) [potion of
                  | mutation]
 76291 | Zot:5    | Lost mutation: You are clumsy. (Dex -2) [potion of
                  | mutation]
 76291 | Zot:5    | Gained mutation: You do not regenerate when monsters are
                  | visible. [potion of mutation]
 76292 | Zot:5    | Lost mutation: Armour fits poorly on your strangely shaped
                  | body. [potion of mutation]
 76292 | Zot:5    | Lost mutation: You do not regenerate when monsters are
                  | visible. [potion of mutation]
 76292 | Zot:5    | Lost mutation: You are dopey. (Int -2) [potion of mutation]
 76292 | Zot:5    | Gained mutation: You are clumsy. (Dex -2) [potion of
                  | mutation]
 76292 | Zot:5    | Gained mutation: You are somewhat resistant to further
                  | mutation. [potion of mutation]
 76882 | Zot:5    | Noticed a dread lich
 76893 | Zot:5    | Killed a dread lich
 76919 | Zot:5    | Noticed an orb of fire
 76928 | Zot:5    | Killed an orb of fire
 77123 | Zot:5    | Noticed a dread lich
 77137 | Zot:5    | Killed a dread lich
 77341 | Zot:5    | Reached skill level 27 in Armour
 77376 | Zot:5    | Got the Orb of Zot
 77451 | Zot:5    | Noticed Wojekk the pandemonium lord
 77463 | Zot:5    | Killed Wojekk the pandemonium lord
 77760 | D:14     | Noticed Rilomueph the pandemonium lord
 77762 | D:14     | Gained mutation: You are occasionally teleported next to
                  | monsters. [a cacodemon]
 77820 | D:11     | Noticed Myohib the pandemonium lord
 77851 | D:10     | Gained mutation: Your body sometimes deteriorates upon
                  | taking damage. [a neqoxec]
 77853 | D:10     | Lost mutation: You are occasionally teleported next to
                  | monsters. [potion of mutation]
 77853 | D:10     | Lost mutation: You are somewhat resistant to further
                  | mutation. [potion of mutation]
 77853 | D:10     | Lost mutation: You are clumsy. (Dex -2) [potion of
                  | mutation]
 77853 | D:10     | Gained mutation: Your magical capacity is low. (-10% MP)
                  | [potion of mutation]
 77853 | D:10     | Gained mutation: You have a pair of large horns on your
                  | head. [potion of mutation]
 78109 | D:1      | Lost mutation: You have a pair of large horns on your head.
                  | [potion of mutation]
 78109 | D:1      | Lost mutation: Your magical capacity is low. (-10% MP)
                  | [potion of mutation]
 78109 | D:1      | Lost mutation: Your body sometimes deteriorates upon taking
                  | damage. [potion of mutation]
 78109 | D:1      | Gained mutation: You do not regenerate when monsters are
                  | visible. [potion of mutation]
 78109 | D:1      | Gained mutation: Armour fits poorly on your strangely
                  | shaped body. [potion of mutation]
 78109 | D:1      | Gained mutation: Your muscles are strong. (Str +4, Int/Dex
                  | -1) [potion of mutation]
 78110 | D:1      | Lost mutation: Your muscles are strong. (Str +4, Int/Dex
                  | -1) [potion of mutation]
 78110 | D:1      | Lost mutation: Armour fits poorly on your strangely shaped
                  | body. [potion of mutation]
 78110 | D:1      | Lost mutation: You do not regenerate when monsters are
                  | visible. [potion of mutation]
 78110 | D:1      | Gained mutation: Your spells are a little harder to cast,
                  | but a little more powerful. [potion of mutation]
 78111 | D:1      | Lost mutation: Your spells are a little harder to cast, but
                  | a little more powerful. [potion of mutation]
 78111 | D:1      | Gained mutation: You have sharp toenails. [potion of
                  | mutation]
 78111 | D:1      | Gained mutation: You are clumsy. (Dex -2) [potion of
                  | mutation]
 78112 | D:1      | Lost mutation: You have sharp toenails. [potion of
                  | mutation]
 78112 | D:1      | Lost mutation: You are clumsy. (Dex -2) [potion of
                  | mutation]
 78112 | D:1      | Gained mutation: You passively dampen the noise of your
                  | surroundings. [potion of mutation]
 78112 | D:1      | Gained mutation: You passively map a small area around you.
                  | [potion of mutation]
 78112 | D:1      | Gained mutation: Your mind is acute. (Int +4, Str/Dex -1)
                  | [potion of mutation]
 78113 | D:1      | Lost mutation: You passively map a small area around you.
                  | [potion of mutation]
 78113 | D:1      | Lost mutation: Your mind is acute. (Int +4, Str/Dex -1)
                  | [potion of mutation]
 78113 | D:1      | Lost mutation: You passively dampen the noise of your
                  | surroundings. [potion of mutation]
 78113 | D:1      | Gained mutation: Your spells are a little harder to cast,
                  | but a little more powerful. [potion of mutation]
 78113 | D:1      | Gained mutation: Your flesh is heat resistant. (rF+)
                  | [potion of mutation]
 78113 | D:1      | Gained mutation: Your spells are harder to cast, but more
                  | powerful. [potion of mutation]
 78114 | D:1      | Lost mutation: Your spells are harder to cast, but more
                  | powerful. [potion of mutation]
 78114 | D:1      | Lost mutation: Your flesh is heat resistant. (rF+) [potion
                  | of mutation]
 78114 | D:1      | Gained mutation: You are occasionally teleported next to
                  | monsters. [potion of mutation]
 78114 | D:1      | Gained mutation: Your mind is acute. (Int +4, Str/Dex -1)
                  | [potion of mutation]
 78114 | D:1      | Gained mutation: You are frail. (-10% HP) [potion of
                  | mutation]
 78114 | D:1      | Gained mutation: You have sharp toenails. [potion of
                  | mutation]
 78116 | D:$      | Escaped with the Orb!

Illustrated notes

Levels and vault maps discovered:
D:1:      scummos_arrival_gate, layout_basic, serial_park_tiny_pond,
          fountainhead
D:2:      layout_basic, serial_shops, nicolae_shop_real_fake_doors, uniq_terence
D:3:      layout_rooms, mainiacjoe_overflow_small_starburst, serial_aquarium,
          aquarium_bridge_square [aquarium_subvault_bridge,
          aquarium_subvault_wall, aquarium_subvault_bridge,
          aquarium_subvault_bridge], aquarium_bridge_long_separate
          [aquarium_subvault_bridge, aquarium_subvault_wall,
          aquarium_subvault_wall, aquarium_subvault_wall,
          aquarium_subvault_wall, aquarium_subvault_bridge], aquarium_window_1,
          aquarium_window_1, aquarium_view_2c, aquarium_view_2g,
          aquarium_balcony_3a, aquarium_pool_1, kennysheep_nondescript,
          kennysheep_generic_room_16
D:4:      layout_basic, kennysheep_doodads
D:5:      layout_loops_ring, lemuel_tele_altar,
          gammafunk_temple_overflow_forgotten, minmay_temple_entry_water_ring
D:6:      layout_gridville, dreamdust_princess_bridge,
          hellmonk_guarded_unrand_lears, uniq_duvessa
D:7:      cheibrodos_barr_body, layout_loops_corners, lemuel_doored_altar,
          makhleb_heckhound_becter, mainiacjoe_overflow_chevrons, serial_shops,
          shop, enter_bailey_3, minmay_misc_feat_rows, uniq_maurice
D:8:      minmay_slanted_spiral_squares, layout_basic, david_lair_generic,
          st_stairs_2, uniq_psyche, uniq_maggie
D:9:      layout_stronghold, hangedman_decor_riveting
D:10:     layout_loops_ring, nicolae_overflow_crystal_walls, serial_undead,
          serial_undead_b, serial_undead_e, serial_undead_f, serial_undead_a,
          serial_undead_c, serial_undead_e, uniq_harold
D:11:     layout_irregular_city, st_stairs_11
D:12:     minmay_s_stair_smasher, layout_layer_cave,
          kennysheep_orc_monster_closet_entryway
D:13:     layout_rooms
D:14:     layout_basic, erik_vaults_2, nicolae_concentric_dashed_squares_mild,
          grunt_ministairs_11, uniq_nessos
D:15:     grunt_enter_depths_giant_problem, layout_loops_corners,
          grunt_decor_mini_mirrors
Temple:   nicolae_temple_ecumenical_triangle
Lair:1:   layout_layer_cave, worms_lemuel, grunt_megastairs_4
Lair:2:   dragon1_lemuel, layout_gridlike, skrybe_swamp_entry_bodies,
          patterned_corridor
Lair:3:   nzn_winding_woodlands_medium [nzn_winding_woodlands_5x5_perimeter,
          nzn_winding_woodlands_5x15_pockets, nzn_winding_woodlands_5x5_three,
          nzn_winding_woodlands_5x5_closed_star,
          nzn_winding_woodlands_center_lodge, nzn_winding_woodlands_hourglass,
          nzn_winding_woodlands_5x5_cross,
          nzn_winding_woodlands_5x15_lazy_stream,
          nzn_winding_woodlands_5x5_default], layout_long_grid,
          nicolae_spider_entry_lesser_pyramids, lemuel_fruit_tree, uniq_fannar,
          uniq_kirke, uniq_rupert
Lair:4:   layout_regular_city
Lair:5:   wormcave, layout_loops_ring, hangedman_lair_caniforms_friends,
          slime_entry_1
Swamp:1:  layout_basic_swamp, hangedman_swamp_ruin_wall, uniq_frances
Swamp:2:  layout_basic_swamp, evilmike_swamp_ruin_house_6
Swamp:3:  layout_basic_swamp, nicolae_swamp_trees_clearing,
          beargit_guarded_unrand_captain_cutlass, uniq_aizul
Swamp:4:  swamp_fiery, layout_basic_swamp
Spider:1: layout_spider_delve
Spider:2: layout_spider_delve, uniq_jorgrun
Spider:3: layout_spider_delve, uniq_arachne, uniq_nikola
Spider:4: hellmonk_spider_rune_endless_swarm
Orc:1:    nicolae_orc_accident_2, layout_caves, serial_shops, shop
Orc:2:    pf_orc_diabolical, layout_diamond_mine, basic_altar
Elf:1:    layout_geoelf_diagonals, minivault_28, grunt_megastairs_2,
          minmay_shoptagon, uniq_roxanne, uniq_louise
Elf:2:    nicolae_elf_blades_crystal_corner, layout_geoelf_diagonals,
          dk_noncrumbling_3, minmay_shop_grid_forest, minivault_16,
          lemuel_elevator, uniq_norris
Elf:3:    elf_hall_gauntlet_wide, layout_gridlike, portal_ice_cave_entry_dragon
Vaults:1: nicolae_vaults_circle_grid_a, nicolae_vaults_tangram_2,
          nicolae_vaults_tetromino_L_1, nicolae_vaults_little_squares_6,
          nicolae_vaults_specimen_jars, nicolae_vaults_closet_pinwheel_4,
          nicolae_vaults_ninety_degrees, nicolae_vaults_six-pack,
          v_alt_pattern_6, layout_vaults_omnibox, uniq_donald
Vaults:2: v_rooms_1, vaults_standard_mumra_x, grunt_vaults_hallway_long,
          v_misc_4, vaults_mumra_minichess_inversion,
          nicolae_vaults_more_shelving_1, nicolae_vaults_sesquioval_fish,
          nicolae_vaults_tetromino_Z_1, nicolae_vaults_tetromino_Z_1,
          layout_vaults_chaotic_city, serial_shops, nicolae_square_shop
Vaults:3: infiniplex_enter_wizlab_glasses, nicolae_vaults_big_ls,
          ontoclasm_vaults_eye, minmay_crypt_entry_necro_gods,
          nicolae_vaults_oval_intersection, v_alt_pattern_6,
          nicolae_vaults_prndl, nicolae_vaults_wine_cellar,
          nicolae_vaults_six-pack, layout_vaults_quadrants, uniq_saint_roka
Vaults:4: portal_desolation_entry_nicolae_nacl, nicolae_vaults_alarming,
          hangedman_vaults_capsules, ontoclasm_vaults_gallery, v_pattern_5,
          grunt_vaults_diagonal, nicolae_vaults_surprise_closet,
          nicolae_vaults_house_1, v_rooms_3, hangedman_vaults_maws,
          nicolae_vaults_tetromino_T_1, nicolae_vaults_double_plus_3,
          ontoclasm_vaults_ligature, layout_vaults_maze, uniq_margery
Vaults:5
Crypt:1:  cheibrodos_crypt_eye_of_stone, layout_basic, basic_altar,
          nicolae_crypt_soggy_tomb, lemuel_nasty_fountain
Crypt:2:  hangedman_staggered_hall, layout_basic, gammafunk_ghost_necromancy
Crypt:3:  church_of_pain_bobbens, layout_chaotic_city, tomb_entry_shell_bobbens,
          amcnicky_mini_pool_small, nicolae_crypt_fancy_cubbyholes
Depths:1: layout_cave_shapes, enter_ziggurat_a,
          nicolae_hell_entry_hellmouth_sunbeams, fedhas_altar_3,
          minmay_crystal_water, chequers_serial_rivers_small_3,
          hangedman_decor_slide_cut, minivault_14, minmay_liquid_box,
          grunt_decor_clamped, guppyfry_shop_earth, uniq_mara
Depths:2: minmay_the_grid_triangle_9x9_recursive_2_mashed
          [minmay_the_grid_triangle_9x9_prize_insulated,
          minmay_the_grid_triangle_9x9_sparse_checkered,
          minmay_the_grid_triangle_9x9_tough_junction,
          minmay_the_grid_triangle_9x9_from_above], layout_long_grid,
          serial_shops, shop, grunt_hell_entry_dis_grunt,
          minmay_misc_feat_more_columns, rand_demon_pan_entry_3,
          yredelemnul_forgotten_temple_becter, uniq_grunn
Depths:3: nicolae_moon_pools, layout_cave_shapes, hell_entry,
          rand_demon_pan_entry_4, nicolae_twisting_strands, abyss_entry,
          serial_shops, nicolae_shop_advertising_works
          [nicolae_subvault_shop_adworks], uniq_josephina
Depths:4: grunt_zot_entry_gee_three, layout_honeycomb,
          hangedman_abyss_entry_splay, hell_entry, uniq_enchantress
Zot:1:    layout_basic, regret_index_zotdec_banners
Zot:2:    layout_twisted_circle, ebering_ghost_rock_garden
Zot:3:    nicolae_zot_stationary_front, layout_cathedral_of_symmetry,
          regret_index_zotdec_misc_clamp
Zot:4:    layout_onion_interference, bh_zot_lava_cross,
          hangedman_zot_wheel_spokes
Zot:5:    layout_misc_corridors

Skill      XL: |  1  2  3  4  5  6  7  8  9 10 11 12 13 14 15 16 17 18 19 20 21 22 23 24 25 26 27 |
---------------+----------------------------------------------------------------------------------+-----
Maces & Flails | 4 6 7 9 11 14 | 14.0
Fighting       | 4 10 11 12 14 16 17 20 21 23 24 25 26 27 | 27.0
Armour         | 3 10 11 12 13 14 15 17 18 19 21 25 27 | 27.0
Throwing       | 2 4 5 7 9 10 11 12 14 16 19 | 19.0
Axes           | 10 11 15 19 22 24 27 | 27.0
Evocations     | 4 5 8 12 14 15 18 | 18.0
Dodging        | 6 9 10 13 14 17 18 | 18.0

Action                     |  1- 3 |  4- 6 |  7- 9 | 10-12 | 13-15 | 16-18 | 19-21 | 22-24 | 25-27 || total
---------------------------+-------+-------+-------+-------+-------+-------+-------+-------+-------++-------
  Melee: Mace              |    79 |   113 |   223 |   203 |       |       |       |       |       ||   618
         Headbutt          |    10 |    19 |    44 |   122 |   207 |   279 |   233 |   339 |   192 ||  1445
         Punch             |     1 |     2 |     4 |     4 |     3 |       |       |       |       ||    14
         Unarmed           |       |       |     7 |       |       |       |       |       |       ||     7
         Hand axe          |       |       |       |    65 |       |       |       |       |       ||    65
         War axe           |       |       |       |    50 |   234 |       |       |       |       ||   284
         Morningstar       |       |       |       |   227 |    12 |       |       |       |       ||   239
         Battleaxe         |       |       |       |       |   685 |  1134 |     4 |    67 |    46 ||  1936
         Demon trident     |       |       |       |       |     4 |       |       |       |       ||     4
         Great mace        |       |       |       |       |    22 |       |       |       |       ||    22
         Executioner's axe |       |       |       |       |       |    76 |   968 |  1200 |   688 ||  2932
  Throw: Dart              |     3 |     3 |       |     5 |     7 |    17 |       |       |     2 ||    37
         Boomerang         |       |     5 |     8 |       |    50 |   244 |   165 |   170 |   188 ||   830
         Stone             |       |     5 |    10 |       |       |       |       |       |       ||    15
         Throwing net      |       |       |       |     1 |       |     1 |       |       |       ||     2
         Javelin           |       |       |       |       |       |       |       |    16 |     4 ||    20
 Invoke: Berserk           |     1 |     4 |     5 |     6 |     3 |     3 |     6 |     5 |     4 ||    37
         Trog's Hand       |       |     1 |     1 |     2 |     3 |     9 |     4 |     4 |     4 ||    28
         Brothers in Arms  |       |       |       |     5 |     2 |     6 |     4 |     5 |    12 ||    34
  Evoke: Wand              |       |       |       |     9 |     5 |    19 |     8 |     5 |    37 ||    83
         Tin of tremorston |       |       |       |       |     5 |     1 |     5 |     3 |     1 ||    15
         Phantom mirror    |       |       |       |       |     1 |     4 |     3 |     1 |     2 ||    11
         Lightning rod     |       |       |       |       |       |     8 |    18 |       |     6 ||    32
         Box of beasts     |       |       |       |       |       |       |     1 |       |     3 ||     4
         Phial of floods   |       |       |       |       |       |       |       |       |     1 ||     1
    Use: Scroll            |       |       |     8 |     6 |    16 |    31 |    12 |     7 |    43 ||   123
         Potion            |       |       |     1 |     2 |     1 |    11 |     7 |     9 |    22 ||    53
   Stab: Invisible         |       |       |       |     6 |       |     4 |     3 |       |     9 ||    22
         Distracted        |       |       |       |       |       |     2 |       |     2 |     1 ||     5
         Held in net/web   |       |       |       |       |       |     1 |       |       |       ||     1
         Confused          |       |       |       |       |       |       |     1 |       |       ||     1
 Armour: Animal skin       |    12 |       |       |       |       |       |       |       |       ||    12
         Ring mail         |    22 |    57 |       |       |       |       |       |       |       ||    79
         Chain mail        |       |    14 |   143 |   474 |   950 |  1213 |       |       |       ||  2794
         Troll leather arm |       |       |     5 |       |       |       |       |       |       ||     5
         Skin              |       |       |     1 |       |       |       |       |       |     7 ||     8
         Plate armour      |       |       |       |       |       |   124 |   790 |  1029 |   716 ||  2659
  Dodge: Dodged            |    53 |    53 |    93 |   277 |   392 |   672 |   386 |   543 |   437 ||  2906
  Block: Other             |       |       |       |       |       |       |       |    42 |    97 ||   139
         Reflection        |       |       |       |       |       |       |       |     1 |     6 ||     7
